General information
			
			
        
        - name: Local Game (ATempT)
 
        - type: Custom game
 
        - host: ATempT
 
        - saver: ATempT
 
        
map: TurtleRock 
        - players: 4
 
        - length: 09:51
 
        - speed: Fast
 - version: 1.22 W3XP
 - replay type:  Public
 
» download(61 KB)
Players
        team 1 (winner) 
              
              
ATempT (
green | 84 APM | 826 actions | 09:51)
              
 4 Blademaster 
 2 Wind Walk
 2 Critical Strike
 1 Shadow Hunter 
 1 Healing Wave
 
                » actions 
                
                | Assign group hotkey | 17 |  | 
| Build / train | 34 |  | 
| Enter build submenu | 11 |  | 
| Enter hero's abilities submenu | 5 |  | 
| Remove unit from queue | 1 |  | 
| Right click | 505 |  | 
| Select / deselect | 141 |  | 
| Select group hotkey | 84 |  | 
| Use ability | 28 |  | 
                826 total
 » units 
                » upgrades
                
                | Armor | 1 |  | 
| Berserker Strength | 1 |  | 
| Ensnare | 1 |  | 
                3 total
 » buildings
                
                | Altar of Storms | 1 |  | 
| Orc Burrow | 3 |  | 
| Barracks | 1 |  | 
| Voodoo Lounge | 1 |  | 
| Stronghold | 2 |  | 
| War Mill | 1 |  | 
| Beastiary | 1 |  | 
| Spirit Lodge | 1 |  | 
                11 total
 » build order
                00:04 Altar of Storms
00:16 Orc Burrow
00:37 Barracks
01:54 Orc Burrow
03:41 Voodoo Lounge
03:56 Stronghold
03:56 Stronghold
05:03 Orc Burrow
05:09 War Mill
07:58 Beastiary
09:36 Spirit Lodge
» items
                
                | Healing Salve | 2 |  | 
| Lesser Clarity Potion | 1 |  | 
                3 total
  
               
              
              
_NIKOLLAS_ (
gray | 25 APM | 242 actions | 09:37)
              
 2 Death Knight 
 1 Death Coil
 1 Unholy Aura
 1 Dreadlord 
 1 Sleep
 
                » actions 
                
                | Assign group hotkey | 3 |  | 
| Build / train | 27 |  | 
| Enter build submenu | 7 |  | 
| Enter hero's abilities submenu | 3 |  | 
| Right click | 104 |  | 
| Select / deselect | 81 |  | 
| Select group hotkey | 6 |  | 
| Use ability | 11 |  | 
                242 total
 » units 
                
                | Acolyte | 2 |  | 
| Ghoul | 4 |  | 
| Crypt Fiend | 11 |  | 
                17 total
 » upgrades
                
                | Creature Attack | 1 |  | 
| Creature Carapace | 1 |  | 
| Web | 1 |  | 
                3 total
 » buildings
                
                | Altar of Darkness | 1 |  | 
| Ziggurat | 3 |  | 
| Crypt | 1 |  | 
| Graveyard | 1 |  | 
| Halls of the Dead | 1 |  | 
| Spirit Tower | 1 |  | 
                8 total
 » build order
                00:06 Altar of Darkness
00:08 Ziggurat
00:32 Crypt
00:57 Graveyard
01:51 Ziggurat
03:41 Ziggurat
04:13 Halls of the Dead
04:36 Spirit Tower
 
               team 2 (loser) 
              
              
unfu33 (
purple | 119 APM | 1149 actions | 09:36)
              
 2 Death Knight 
 1 Death Coil
 1 Unholy Aura
 
                » actions 
                
                | Assign group hotkey | 47 |  | 
| Basic commands | 27 |  | 
| Build / train | 34 |  | 
| ESC pressed | 4 |  | 
| Enter build submenu | 9 |  | 
| Enter hero's abilities submenu | 2 |  | 
| Right click | 448 |  | 
| Select / deselect | 178 |  | 
| Select group hotkey | 345 |  | 
| Use ability | 55 |  | 
                1149 total
 » units 
                
                | Acolyte | 2 |  | 
| Ghoul | 1 |  | 
| Crypt Fiend | 9 |  | 
| Obsidian Statue | 1 |  | 
                13 total
 » upgrades
                » buildings
                
                | Graveyard | 1 |  | 
| Crypt | 1 |  | 
| Altar of Darkness | 1 |  | 
| Ziggurat | 3 |  | 
| Tomb of Relics | 1 |  | 
| Nerubian Tower | 3 |  | 
| Halls of the Dead | 2 |  | 
| Slaughterhouse | 1 |  | 
                13 total
 » build order
                00:09 Graveyard
00:13 Crypt
00:29 Altar of Darkness
01:04 Ziggurat
01:40 Tomb of Relics
02:06 Nerubian Tower
02:06 Nerubian Tower
02:06 Nerubian Tower
02:41 Ziggurat
04:17 Ziggurat
04:45 Halls of the Dead
04:45 Halls of the Dead
07:15 Slaughterhouse
» items
                
                | Rod of Necromancy | 3 |  | 
| Dust of Appearance | 4 |  | 
| Potion of Healing | 1 |  | 
| Potion of Mana | 1 |  | 
                9 total
  
               
              
              
scoreg (
red | 35 APM | 337 actions | 09:33)
              
 3 Death Knight 
 1 Death Coil
 1 Death Pact
 1 Unholy Aura
 
                » actions 
                
                | Basic commands | 1 |  | 
| Build / train | 21 |  | 
| Enter build submenu | 9 |  | 
| Enter hero's abilities submenu | 3 |  | 
| Remove unit from queue | 3 |  | 
| Right click | 200 |  | 
| Select / deselect | 80 |  | 
| Use ability | 20 |  | 
                337 total
 » units 
                
                | Acolyte | 3 |  | 
| Ghoul | 2 |  | 
| Crypt Fiend | 6 |  | 
                11 total
 » upgrades
                » buildings
                
                | Ziggurat | 4 |  | 
| Altar of Darkness | 1 |  | 
| Crypt | 1 |  | 
| Graveyard | 1 |  | 
| Spirit Tower | 1 |  | 
                8 total
 » build order
                00:11 Ziggurat
00:20 Altar of Darkness
00:41 Crypt
01:55 Graveyard
02:29 Ziggurat
05:49 Ziggurat
07:00 Ziggurat
07:41 Spirit Tower
» items
                
                | Periapt of Vitality | 1 |  | 
| Circlet of Nobility | 1 |  | 
                2 total
  
                Chat log
          (00:15 / All) ATempT: wtf??
(00:21 / All) ATempT: gado
(00:27 / All) ATempT: hf
(02:59 / Allies) ATempT: sai ma
(03:19 / Allies) ATempT: sai
(03:20 / Allies) ATempT: sai